 Seeded DCSS version 0.30.1-4-g462c640d31 (webtiles) character file.

Game seed: 6351066067085065685 (custom seed)

28 Esekla the Grave Robber (level 3, 0/19 HPs)
             Began as a Deep Elf Necromancer on Aug 21, 2023.
             Was an Initiate of Vehumet.
             Succumbed to an adder's poison
             ... on level 3 of the Dungeon.
             The game lasted 00:08:02 (1462 turns).

Esekla the Grave Robber (Deep Elf Necromancer)      Turns: 1462, Time: 00:08:02

Health: 0/19       AC:  4    Str:  5    XL:     3   Next: 0%
Magic:  9/9        EV: 13    Int: 21    God:    Vehumet [......]
Gold:   120        SH:  0    Dex: 18    Spells: 4/8 levels left

rFire   . . .        i - +5 rapier of the Hero {heavy, rN+ Dex+3}
rCold   . . .        (no shield)
rNeg    + . .        a - +0 robe
rPois   .            j - +0 helmet
rElec   .            (no cloak)
rCorr   .            l - +0 pair of gloves
SInv    .            (no boots)
Will    .....        (no amulet)
Stlth   ++           (no ring)
HPRegen 0.23/turn    (no ring)
MPRegen 0.11/turn

%: no passive effects
@: lethally poisoned (0 -> -11)
A: no striking features
a: Renounce Religion


You were on level 3 of the Dungeon.
You worshipped Vehumet.
Vehumet was noncommittal.
You visited 1 branch of the dungeon, and saw 4 of its levels.

You collected 120 gold pieces.

Inventory:

Hand Weapons
 i - the +5 rapier of the Hero (weapon) {heavy, rN+ Dex+3}
   (You found it on level 3 of the Dungeon)

   Dex:       It affects your dexterity (+3).
   rN:        It protects you from negative energy.
Armour
 a - a +0 robe (worn)
 j - a +0 helmet (worn)
 l - a +0 pair of gloves (worn)
Scrolls
 e - a scroll of fear {unknown}
 f - 3 scrolls of identify {unknown}
 h - a scroll of immolation {unknown}
 n - a scroll of enchant armour {unknown}
 o - a scroll of amnesia {unknown}
Potions
 b - a potion of magic
 c - a potion of mutation {unknown}
 d - a potion of ambrosia {unknown}
 m - a potion of attraction {unknown}


   Skills:
 + Level 0.4 Short Blades
 * Level 2.9 Dodging
 + Level 2.8 Stealth
 * Level 3.4 Spellcasting
 + Level 5.3 Necromancy


You had 4 spell levels left.
You knew the following spells:

 Your Spells              Type           Power      Damage    Failure   Level
a - Necrotise             Necr           100%       1d9       1%          1
d - Vampiric Draining     Necr           25%        2d7       4%          3

Your spell library contained the following spells:

 Spells                   Type           Power      Damage    Failure   Level
 Animate Dead             Necr           25%        N/A       14%         4
 Agony                    Necr           25%        N/A       38%         5


Dungeon Overview and Level Annotations

Branches:
Dungeon (4/15)
 Temple: D:4-7

Altars:
Okawaru
Qazlal
Vehumet
Zin

Shops:
D:2 =


Message History

You feel clever. x2
This spell is quite dangerous to cast!
Memorise Vampiric Draining, consuming 3 spell levels and leaving 4?
You start memorising the spell.
You continue memorising. x3
You finish memorising.
Spell assigned to 'b'.
Adjust (i)tems, (s)pells, or (a)bilities?
Adjust which spell? b - Vampiric Draining Adjust to which letter? d - Vampiric Draining A black bear comes into view.
Found 6 gold pieces.
The black bear growls angrily.
There is a stone staircase leading down here.
You climb downwards.
There is a stone staircase leading up here.
The adder hisses angrily.
A hound comes into view.
You closely miss the adder. The adder bites you.
You are poisoned.
The adder poisons you! The adder barely misses you.
You miss the adder.
You feel very sick. The adder bites you but does no damage.
The adder bites you.
You are more poisoned.
The adder poisons you!
You barely miss the adder.
You feel very sick. The adder misses you. The adder closely misses you.
The adder bites you but does no damage.
You miss the adder.
* * * LOW HITPOINT WARNING * * *
You feel sick. The adder bites you.
* * * LOW HITPOINT WARNING * * *
You are more poisoned.
The adder poisons you! The adder misses you.
You puncture the adder!
You kill the adder!
Vehumet accepts your kill.
You die...

##.......###
#..........#
#######....# #....#
#....# #....# #....#
##############....##
#<.@†...............
##############.####.
#.# . #.# . #.# #
#.# #.# #.# #.#


There were no monsters in sight!

Vanquished Creatures
  2 adders
  3 orcs (D:3)
  An endoplasm (D:3)
  2 goblins (D:3)
  3 hobgoblins
  2 bats (D:3)
  2 frilled lizards
  2 kobolds
  A rat (D:2)
18 creatures vanquished.

Notes
Turn   | Place    | Note
-------+----------+-------------------------------------------
     0 | D:1      | Esekla the Deep Elf Necromancer began the quest for the
                  | Orb.
     0 | D:1      | Reached XP level 1. HP: 10/10 MP: 6/6
   204 | D:2      | Found Renulab's Jewellery Shop.
   319 | D:2      | You fall into a shaft and drop 1 floor!
   431 | D:3      | Identified the +5 rapier of the Hero {heavy, rN+ Dex+3}
   585 | D:4      | Found a glowing silver altar of Zin.
   597 | D:4      | Found an iron altar of Okawaru.
   609 | D:4      | Found a radiant altar of Vehumet.
   619 | D:4      | Became a worshipper of Vehumet
   702 | D:3      | Reached skill level 5 in Necromancy
   895 | D:3      | Reached XP level 2. HP: 15/15 MP: 8/8
  1176 | D:3      | Found a stormy altar of Qazlal.
  1380 | D:2      | Reached XP level 3. HP: 19/19 MP: 9/9
  1384 | D:2      | Learned a level 3 spell: Vampiric Draining
  1385 | D:2      | Noticed a black bear
  1462 | D:3      | Succumbed to an adder's poison

Illustrated notes

Levels and vault maps discovered:
D:1:      sevenhm_arrival_forest_fort_small_3, layout_rooms,
          chequers_serial_rivers_room_b, minmay_misc_feat_five
D:2:      layout_loops_ring, dreamdust_ecumenical_altar_angels_and_demons,
          serial_shops, shop
D:3:      layout_basic, grunt_temple_overflow_open, minmay_misc_feat_iff
D:4:      layout_basic, nicolae_overflow_quartered_altars, serial_shops,
          nicolae_diamond_shop

Skill      XL: |  1 |
---------------+----+-----
Necromancy     | 5 |  5.3
Short Blades   | |  0.4
Dodging        | |  2.9
Stealth        | |  2.8
Spellcasting   | |  3.4

Action                     || total
---------------------------++-------
  Melee: Rapier            ||    33
         Unarmed           ||     9
         Short sword       ||     4
    Use: Potion            ||     2
   Stab: Sleeping          ||     4
         Distracted        ||     1
 Armour: Robe              ||    12
  Dodge: Dodged            ||    31
